Map: Arctic Dream LE

Players

Massa

  • Race: Terran Terran
  • League: Platinum

qqq

  • Race: Zerg Zerg

Kepons - Winner!

  • Race: Terran Terran

Zergatul - Winner!

  • Race: Protoss Protoss
  • League: Diamond

VOD

Have the link to the VOD?

Description

Time

  • Played on: April 26, 2021, 4 p.m.
  • Length: 17:49
Show
View Real Time Build Order
Export as new Build Order

Massa Terran 

Build Orders: Reaper Expand 

Get SALT Encoding   

  12  0:00  SCV  
  13  0:12  SCV  
  14  0:17  Supply Depot  
  14  0:25  SCV  
  15  0:39  SCV  
  15  0:40  Barracks  
  16  0:48  Refinery  
  16  0:56  SCV  
  17  1:08  SCV  
  18  1:20  SCV  
  19  1:34  Reaper  
  20  1:40  Orbital Command  
  20  1:59  Command Center  
  20  2:06  Marine  
  21  2:09  SCV, Supply Depot  
  22  2:16  Factory  
  22  2:30  SCV  
  23  2:45  Barracks Tech Lab  
  22  3:20  SCV  
  22  3:22  Barracks Reactor  
  22  3:25  Engineering Bay  
  23  3:28  Command Center  
  23  3:31  Orbital Command  
  23  3:32  SCV  
  24  3:39  Barracks  
  24  3:40  Starport  
  24  3:44  SCV  
  24  3:45  Refinery  
  25  3:56  SCV  
  26  4:12  Marine x2  
  26  4:13  Cyclone  
  30  4:18  Starport Tech Lab  
  30  4:20  SCV x2  
  32  4:27  Missile Turret  
  32  4:29  Marine  
  32  4:30  Marine  
  34  4:32  SCV x2  
  34  4:34  Barracks Tech Lab  
  36  4:41  Terran Infantry Weapons Level 1  
  36  4:42  SCV  
  36  4:44  SCV x2  
  39  4:47  Marine  
  39  4:48  Marine  
  39  4:51  Refinery  
  41  4:54  SCV  
  41  4:56  SCV, Supply Depot  
  41  4:57  Stimpack  
  43  5:05  Marine  
  44  5:11  Banshee  
  47  5:16  Widow Mine  
  47  5:17  SCV x3  
  47  5:19  Supply Depot  
  52  5:22  Refinery  
  52  5:29  SCV x3  
  52  5:31  Marauder, Marine x2  
  59  5:37  Cyclone  
  62  5:49  Marine  
  63  5:57  SCV x3  
  63  5:59  Banshee  
  63  6:02  Cloaking Field  
  69  6:09  SCV x2  
  69  6:10  SCV  
  72  6:21  SCV x2  
  72  6:22  SCV  
  75  6:36  SCV x2  
  77  6:48  Barracks  
  77  6:50  Barracks  
  77  6:51  Supply Depot  
  77  6:56  Combat Shield  
  77  7:02  Terran Infantry Armor Level 1  
  77  7:06  Orbital Command  
  77  7:12  SCV x2, Marine x2, Medivac  
  77  7:13  Marauder  
  85  7:16  Supply Depot  
  85  7:19  Missile Turret  
  85  7:37  SCV x3, Marine x2  
  85  7:38  Siege Tank  
  85  7:39  Supply Depot  
  85  7:40  Supply Depot x2  
  85  7:41  Missile Turret, Supply Depot  
  85  7:42  Supply Depot  
  93  8:01  SCV x2  
  93  8:04  Supply Depot x2  
  93  8:05  Sensor Tower, Supply Depot  
  95  8:07  Supply Depot  
  95  8:10  SCV  
  96  8:13  SCV x2  
  98  8:22  SCV  
  99  8:28  Supply Depot  
  93  8:35  Barracks Reactor, Barracks Tech Lab  
  93  8:44  Armory  
  93  8:51  Refinery x2, Marauder, Marine x2  
  93  8:53  Siege Tank  
  93  8:55  Command Center  
  100  8:56  Raven  
  102  9:09  Marine x2  
  104  9:12  Marauder  
  104  9:13  Marauder, Marine x2  
  110  9:21  Barracks x2  
  110  9:24  Factory  
  110  9:25  Siege Tank  
  110  9:27  Marine x2  
  114  9:32  Command Center  
  114  9:33  Marauder  
  114  9:35  Marauder  
  114  9:36  Marine x2  
  120  9:39  Raven  
  120  9:44  Marine  
  120  9:45  Marine  
  124  9:54  Marine  
  124  9:55  Marauder  
  124  9:56  Marauder  
  124  9:57  Siege Tank  
  100  10:12  Factory Tech Lab, Barracks Tech Lab  
  85  10:16  Barracks Tech Lab, Marauder  
  85  10:18  Marauder, Marine x4  
  85  10:21  Raven  
  87  10:29  Siege Tank  
  87  10:33  SCV x3  
  93  10:35  Marine  
  93  10:37  Marauder x2, Marine  
  93  10:38  Marauder, Concussive Shells  
  93  10:39  Marauder  
  103  10:45  SCV x3  
  103  10:49  Sensor Tower  
  106  10:51  SCV  
  107  10:57  SCV x3  
  107  10:58  Marauder x2  
  107  10:59  Marauder  
  107  11:00  Marauder  
  107  11:01  Siege Tank x2  
  107  11:03  SCV  
  125  11:04  Raven, Corvid Reactor  
  125  11:09  SCV x2  
  125  11:10  SCV  
  130  11:11  Starport  
  130  11:13  Planetary Fortress  
  130  11:15  Refinery, SCV  
  130  11:18  Refinery  
  131  11:19  Marauder  
  131  11:20  Marauder x2  
  131  11:21  SCV x2, Missile Turret  
  131  11:22  SCV, Missile Turret x2  
  131  11:25  Missile Turret  
  140  11:27  SCV  
  141  11:33  SCV, Siege Tank x2  
  141  11:34  Terran Infantry Weapons Level 2  
  141  11:36  Terran Vehicle And Ship Armor Level 1  
  148  11:42  Engineering Bay  
  148  12:00  Missile Turret  
  148  12:03  Missile Turret  
  148  12:05  Siege Tank x2  
  154  12:10  Marauder x2  
  154  12:11  Marauder x2, Marine x3  
  154  12:15  Starport Reactor, Ghost Academy  
  165  12:32  Marauder x2  
  169  12:38  Planetary Fortress  
  168  12:52  Marine  
  168  12:53  Marine x7  
  168  13:10  Marine  
  132  13:16  Marauder x4  
  132  13:17  Marine x3  
  132  13:18  Siege Tank x2  
  132  13:26  Raven, Medivac x2  
  134  13:28  Marine  
  128  13:35  Marine x2  
  128  13:37  Marauder x2  
  128  13:38  Marauder x2  
  132  13:50  Siege Tank x2  
  132  13:52  Marine  
  132  13:53  Marine  
  136  13:56  Medivac x2  
  136  13:59  Marauder x4  
  147  14:09  SCV x4, Raven  
  143  14:10  SCV  
  143  14:17  Command Center  
  143  14:18  Marine  
  143  14:19  Marine x3  
  143  14:20  Marauder x4  
  143  14:21  SCV x2  
  143  14:22  Siege Tank x2  
  163  14:25  Drilling Claws  
  163  14:26  Medivac x2  
  163  14:28  Smart Servos  
  163  14:29  Terran Infantry Armor Level 2  
  167  14:32  Terran Infantry Weapons Level 3  
  167  14:36  Marine x2  
  167  14:37  Marine  
  170  14:41  Marauder  
  170  14:42  Marauder  
  174  14:51  Raven  
  174  14:54  Siege Tank  
  174  14:56  Medivac x2  
  139  15:53  Siege Tank  
  139  15:55  Siege Tank  
  139  15:56  Raven  
  137  16:00  Orbital Command  
  137  16:17  Ghost x4  
  137  16:18  Marine x2  
  145  16:19  Marine x2  
  145  16:24  Refinery  
  149  16:25  Refinery, Siege Tank  
  149  16:27  Siege Tank  
  155  16:36  Marine x4  
  155  16:39  Raven  
  161  16:45  Ghost  
  161  16:46  Marine x3  
  137  16:51  Medivac x2  
  137  16:54  Marine  
  123  16:58  Siege Tank  
  125  17:04  Marauder x3  
  123  17:09  Marine x3  
  123  17:11  Marine  
  123  17:15  Marauder  
  120  17:25  Marauder  
  120  17:27  Marine x2  
  120  17:28  Marine  
  120  17:29  Marine  
  121  17:36  Barracks x2  
  113  17:37  Barracks  
  113  17:38  Barracks x2  
  113  17:42  Barracks  
  113  17:43  Barracks  
Show
View Real Time Build Order
Export as new Build Order

qqq Zerg 

Build Orders: Hatch First, Brood Lord Corruptor, Muta Ling Bane 

Get SALT Encoding   

  12  0:05  Drone  
  13  0:11  Drone  
  14  0:18  Overlord  
  14  0:44  Hatchery  
  13  0:53  Drone  
  13  0:54  Drone  
  13  0:55  Drone  
  16  1:20  Drone, Spawning Pool  
  16  1:21  Extractor  
  16  1:24  Drone  
  16  1:27  Drone  
  17  1:42  Drone  
  18  1:49  Drone  
  19  1:58  Drone  
  20  2:05  Drone  
  20  2:07  Queen x2  
  25  2:14  Zergling x2  
  25  2:15  Zergling x2  
  26  2:20  Zergling x2  
  27  2:25  Metabolic Boost  
  27  2:32  Overlord  
  27  2:35  Zergling x2  
  28  2:43  Overlord  
  28  2:50  Zergling x4  
  30  2:52  Zergling x2  
  30  2:53  Zergling x2  
  32  3:01  Zergling x2  
  32  3:03  Zergling x2  
  34  3:11  Zergling x2  
  35  3:14  Zergling x2  
  35  3:17  Zergling x6  
  39  3:20  Overlord  
  39  3:24  Zergling x2  
  39  3:26  Zergling x2  
  41  3:33  Drone, Evolution Chamber  
  41  3:36  Drone  
  43  3:41  Drone  
  43  3:43  Drone  
  41  3:57  Zergling x8  
  41  4:06  Zergling x6  
  41  4:07  Zergling x2  
  38  4:17  Zergling x4  
  38  4:23  Zergling x4  
  39  4:39  Drone  
  39  4:40  Drone  
  39  4:43  Zerg Melee Weapons Level 1  
  39  4:45  Lair  
  41  4:46  Drone  
  41  4:52  Drone x2  
  44  4:53  Drone  
  45  5:07  Drone x2, Baneling Nest  
  46  5:20  Zergling x8, Overlord  
  46  5:21  Zergling x2  
  51  5:30  Extractor  
  48  5:53  Zergling x16  
  48  5:54  Zergling x6  
  48  5:55  Baneling x6  
  59  5:58  Baneling  
  59  6:05  Baneling  
  59  6:08  Overlord  
  59  6:10  Overlord  
  59  6:18  Hatchery  
  48  6:41  Extractor  
  48  6:45  Drone x4, Spire  
  48  6:46  Drone x6  
  56  6:47  Drone  
  57  6:55  Drone x2  
  59  7:05  Drone x2, Infestation Pit  
  60  7:17  Spore Crawler  
  59  7:24  Spore Crawler, Overseer  
  59  7:26  Drone x6  
  59  7:27  Drone  
  65  7:31  Drone  
  65  7:32  Drone  
  65  7:36  Drone x4, Extractor  
  70  7:41  Spore Crawler  
  70  7:42  Hive  
  70  7:44  Overseer  
  69  7:45  Drone  
  69  7:46  Drone  
  69  7:48  Drone  
  72  8:00  Spine Crawler  
  72  8:01  Mutalisk x2  
  72  8:05  Spine Crawler  
  74  8:07  Queen  
  74  8:12  Mutalisk x2  
  80  8:20  Drone  
  81  8:27  Overlord  
  81  8:28  Overlord x4  
  81  8:31  Zerg Flyer Weapons Level 1  
  81  8:38  Overlord  
  77  8:53  Mutalisk x4  
  82  9:10  Centrifical Hooks  
  82  9:16  Overlord  
  82  9:17  Drone x3  
  82  9:22  Extractor  
  82  9:23  Extractor  
  83  9:24  Baneling  
  83  9:25  Baneling x7  
  83  9:28  Baneling  
  83  9:32  Drone x6  
  83  9:33  Drone x3  
  92  9:41  Corruptor  
  92  9:45  Corruptor  
  88  10:01  Corruptor x2  
  85  10:09  Corruptor  
  85  10:10  Corruptor  
  85  10:28  Zergling x4, Corruptor x2  
  90  10:37  Greater Spire  
  90  10:49  Zergling x10  
  96  10:50  Zergling x6  
  98  11:05  Zergling x6  
  101  11:17  Spire, Corruptor x3  
  106  11:26  Queen  
  106  11:29  Corruptor x3  
  114  11:35  Corruptor  
  114  11:45  Hatchery  
  109  11:56  Corruptor x4  
  117  12:01  Queen  
  119  12:09  Hatchery, Zergling x8  
  119  12:15  Hatchery  
  100  12:23  Zergling x12  
  100  12:24  Zergling x4  
  100  12:27  Brood Lord x3  
  100  12:29  Zergling x8  
  118  12:30  Zergling x6  
  122  12:41  Overlord x2  
  122  12:42  Overlord  
  115  13:04  Zerg Melee Weapons Level 2  
  113  13:09  Corruptor x3  
  113  13:11  Brood Lord x2  
  121  13:13  Zergling x16  
  118  13:35  Zergling x8, Corruptor  
  118  13:36  Zergling x4, Corruptor x3  
  120  14:00  Zergling x6  
  120  14:01  Zergling x4  
  119  14:07  Zergling x12  
  91  14:26  Corruptor x2  
  91  14:27  Corruptor  
  91  14:29  Drone x2, Zergling x2  
  91  14:30  Zergling x4  
  100  14:33  Drone x3  
  100  14:35  Zerg Flyer Weapons Level 2  
  100  14:38  Zerg Flyer Armor Level 1  
  103  14:43  Baneling x4  
  103  14:44  Baneling x7  
  103  14:47  Brood Lord  
  103  15:01  Brood Lord  
  93  15:19  Brood Lord  
  93  15:21  Brood Lord  
  95  15:23  Hatchery  
  94  15:31  Drone  
  94  15:32  Drone x7, Hatchery  
  94  15:33  Drone  
  94  15:35  Viper  
  105  15:48  Zergling x4  
  105  15:49  Zergling x2  
  108  15:55  Hatchery  
  107  16:00  Zergling x4  
  107  16:01  Viper  
  112  16:10  Zergling x4  
  97  16:32  Corruptor x5  
  88  16:46  Zergling x2  
  88  16:47  Zergling x10  
  98  16:48  Drone  
  98  16:51  Drone  
  94  17:05  Corruptor x3  
  78  17:14  Brood Lord x3  
  68  17:15  Zergling x2  
  68  17:16  Drone, Zergling x2  
Show
View Real Time Build Order
Export as new Build Order

Kepons Terran - Winner!

Build Orders: Command Center First (CC) 

Get SALT Encoding   

  12  0:00  SCV  
  13  0:12  SCV  
  14  0:17  Supply Depot  
  14  0:24  SCV  
  15  0:39  SCV  
  16  0:57  Command Center  
  16  1:02  SCV  
  17  1:13  Refinery  
  17  1:19  Barracks  
  17  1:25  Refinery  
  17  1:28  SCV  
  18  1:36  Supply Depot  
  18  1:42  SCV  
  19  1:56  SCV  
  20  2:08  Bunker  
  20  2:09  Marine  
  21  2:18  Orbital Command  
  21  2:33  Marine  
  22  2:38  Orbital Command  
  22  2:45  SCV  
  22  2:49  Refinery  
  20  3:08  SCV  
  21  3:20  SCV x2  
  21  3:22  Factory  
  23  3:30  Marine  
  23  3:32  SCV x2  
  26  3:44  SCV x2  
  26  3:48  Marine  
  29  3:56  SCV x2  
  31  4:08  SCV  
  32  4:14  SCV  
  33  4:19  Factory Tech Lab  
  33  4:20  SCV  
  34  4:25  Barracks  
  34  4:26  Barracks Reactor, SCV  
  35  4:32  SCV  
  36  4:38  SCV  
  36  4:44  SCV  
  38  4:51  SCV, Engineering Bay  
  39  4:53  Supply Depot  
  39  4:56  SCV  
  39  4:58  Siege Tank  
  39  4:59  Supply Depot  
  43  5:02  Marine x2  
  43  5:03  SCV  
  46  5:12  Starport  
  46  5:13  Barracks Reactor  
  46  5:15  Barracks, Supply Depot  
  46  5:16  SCV  
  46  5:17  SCV  
  46  5:19  Terran Infantry Weapons Level 1, Supply Depot  
  46  5:20  Marine x2  
  50  5:22  Supply Depot  
  50  5:28  SCV  
  50  5:29  SCV  
  52  5:38  Engineering Bay, Marine x2  
  52  5:40  SCV  
  52  5:41  SCV  
  56  5:58  Missile Turret  
  56  5:59  Missile Turret  
  59  6:04  Siege Tank  
  59  6:07  Barracks Tech Lab  
  59  6:09  Barracks Reactor, Marine x2  
  59  6:11  SCV x2  
  62  6:12  Medivac x2  
  62  6:13  Barracks Tech Lab, Terran Infantry Armor Level 1  
  62  6:16  Armory  
  67  6:20  Refinery  
  67  6:23  SCV x2  
  69  6:26  Missile Turret  
  69  6:50  SCV  
  69  6:51  SCV  
  69  6:52  Stimpack  
  69  6:54  Marauder, Marine x4  
  77  7:03  Siege Tank  
  77  7:05  Medivac x2  
  84  7:11  Marine x2  
  84  7:13  Supply Depot  
  86  7:21  Marauder, Marine  
  86  7:22  Command Center  
  89  7:23  Supply Depot  
  89  7:24  Supply Depot x2  
  89  7:25  Terran Infantry Weapons Level 2  
  89  7:34  Missile Turret  
  89  7:39  Siege Tank  
  89  7:43  Marine x4  
  98  7:44  Marauder  
  95  8:12  Supply Depot x2  
  95  8:16  Missile Turret x2  
  95  8:32  Combat Shield  
  94  8:35  Marine x3  
  94  8:36  Marauder  
  99  8:45  SCV  
  99  8:47  SCV  
  101  8:49  Supply Depot  
  101  8:57  SCV  
  101  8:59  SCV  
  101  9:00  Marauder, Marine x3  
  101  9:02  Medivac x2  
  112  9:09  Marine  
  113  9:16  Barracks  
  113  9:18  Marine x3  
  113  9:22  Marauder  
  113  9:24  Terran Infantry Armor Level 2, Barracks  
  118  9:26  Terran Vehicle And Ship Armor Level 1  
  118  9:27  Marine, Supply Depot  
  119  9:45  Marauder, Marine x4  
  124  9:51  Concussive Shells  
  108  10:03  Marine x4  
  108  10:04  Barracks  
  89  10:07  Marauder  
  89  10:13  Marine  
  79  10:20  Marine  
  79  10:21  Marine x3  
  81  10:24  Refinery  
  81  10:27  Refinery  
  81  10:28  Marauder, Missile Turret  
  84  10:31  Marine  
  84  10:32  Missile Turret  
  84  10:33  Barracks  
  84  10:34  Barracks  
  83  10:38  Marine x3  
  83  10:39  Marine  
  87  10:43  Barracks Reactor  
  87  10:49  Marauder, Marine  
  90  10:56  Orbital Command, Marine x4  
  94  11:03  Barracks Reactor  
  94  11:05  Terran Infantry Weapons Level 3  
  94  11:07  Supply Depot  
  94  11:10  Marine  
  96  11:14  Marine x3, Command Center  
  96  11:17  SCV  
  100  11:18  SCV  
  100  11:19  Marine  
  100  11:20  Starport, Marine x2  
  100  11:21  Barracks Reactor  
  100  11:22  Barracks Reactor, Barracks Tech Lab, Factory  
  103  11:27  SCV  
  103  11:29  SCV, Marauder  
  103  11:30  SCV, Medivac x2  
  103  11:32  Marine  
  113  11:33  Supply Depot  
  113  11:37  Marine x2  
  113  11:38  Marine x2  
  113  11:39  Marine x2  
  118  11:41  Marine  
  118  11:43  Marauder  
  122  11:50  SCV, Marauder  
  122  11:51  SCV  
  122  11:53  SCV  
  127  11:59  Sensor Tower  
  127  12:01  Missile Turret  
  127  12:05  Marauder  
  127  12:07  Factory Tech Lab x2  
  129  12:09  Starport Reactor  
  129  12:10  Medivac x2  
  133  12:30  SCV  
  133  12:31  Marauder, Marine x4  
  133  12:32  Marauder, Marine x2  
  133  12:36  Bunker x2, Siege Tank  
  133  12:37  Siege Tank  
  150  12:40  Viking x2  
  150  12:42  SCV  
  155  12:47  Viking x2  
  155  12:48  Terran Ship Weapons Level 1  
  155  12:50  Supply Depot  
  159  12:53  Marauder  
  157  13:10  Viking x2  
  123  13:19  Marine x2  
  108  13:20  Marauder x2, Marine x7  
  108  13:21  Marine x3  
  117  13:37  Marine x3  
  119  13:41  Marauder x2  
  119  13:44  Marine x5  
  119  13:45  Marine x4  
  128  13:58  Marine x2  
  128  13:59  Marine  
  128  14:02  Marauder, Marine x2  
  131  14:03  Marauder  
  124  14:24  Marauder x2  
  124  14:27  Marine x5  
  124  14:28  Marine x7  
  136  14:45  Marauder, Marine x6  
  141  14:46  Marine x5  
  141  14:50  Marine x2  
  128  15:02  Marine  
  128  15:03  Marauder, Marine x4  
  128  15:07  Marauder  
  116  15:12  Marine x2  
  116  15:13  Marine  
  93  15:20  Marine x2  
  92  15:25  Marauder  
  92  15:28  Marauder  
  89  15:49  Orbital Command  
  82  16:00  Marine x3  
  82  16:01  Marauder, Marine x3  
  83  16:57  Marine x4  
  83  16:58  Marauder, Marine x7  
  83  16:59  Marauder, Marine  
  97  17:15  Marine x5  
  96  17:16  Marine x4  
  96  17:19  Marauder  
  96  17:20  Marauder  
Show
View Real Time Build Order
Export as new Build Order

Zergatul Protoss - Winner!

Build Orders: 1 Gate Expand, Colossus Rush 

Get SALT Encoding   

  12  0:11  Pylon  
  12  0:14  Probe (Chrono Boost)  
  13  0:23  Probe (Chrono Boost)  
  13  0:28  Probe (Chrono Boost)  
  15  0:37  Gateway  
  15  0:42  Probe  
  16  0:54  Probe  
  17  1:06  Probe  
  18  1:20  Nexus  
  18  1:32  Cybernetics Core  
  18  1:41  Probe, Pylon  
  19  1:48  Assimilator  
  19  1:50  Assimilator  
  19  1:56  Probe  
  20  2:08  Probe  
  21  2:18  Adept (Chrono Boost)  
  21  2:21  Forge  
  23  2:23  Probe (Chrono Boost)  
  23  2:27  Warp Gate (Chrono Boost)  
  24  2:33  Probe (Chrono Boost)  
  26  2:41  Probe (Chrono Boost), Stalker  
  28  2:45  Probe (Chrono Boost)  
  28  2:48  Probe (Chrono Boost)  
  30  3:00  Probe  
  31  3:08  Probe  
  31  3:09  Photon Cannon  
  31  3:12  Photon Cannon  
  32  3:19  Probe  
  33  3:20  Probe  
  33  3:23  Sentry  
  33  3:26  Pylon  
  36  3:33  Probe (Chrono Boost)  
  38  3:38  Probe (Chrono Boost)  
  38  3:43  Probe (Chrono Boost), Shield Battery  
  38  3:47  Probe (Chrono Boost)  
  38  3:48  Probe (Chrono Boost)  
  40  3:53  Robotics Facility  
  36  4:08  Pylon  
  32  4:23  Probe  
  31  4:25  Stalker  
  31  4:30  Probe  
  34  4:41  Robotics Bay  
  34  4:42  Probe (Chrono Boost)  
  36  4:45  Probe (Chrono Boost)  
  37  4:53  Pylon  
  37  4:54  Probe (Chrono Boost)  
  37  4:56  Assimilator  
  37  4:58  Probe (Chrono Boost)  
  37  4:59  Probe (Chrono Boost), Assimilator  
  38  5:04  Sentry  
  38  5:06  Probe (Chrono Boost)  
  42  5:09  Photon Cannon  
  42  5:10  Probe (Chrono Boost)  
  43  5:18  Probe (Chrono Boost)  
  45  5:21  Pylon  
  45  5:25  Probe (Chrono Boost)  
  45  5:26  Probe (Chrono Boost)  
  45  5:27  Colossus (Chrono Boost)  
  46  5:32  Probe  
  46  5:33  Probe  
  54  5:41  Photon Cannon  
  54  5:45  Probe x2  
  56  5:51  Extended Thermal Lance (Chrono Boost)  
  57  5:57  Probe x2  
  58  6:08  Robotics Facility  
  58  6:09  Probe x2, Twilight Council  
  60  6:12  Gateway  
  60  6:15  Shield Battery  
  60  6:21  Probe x2  
  60  6:33  Probe  
  60  6:39  Pylon  
  61  6:43  Probe, Pylon  
  61  6:45  Sentry  
  61  6:46  Colossus (Chrono Boost)  
  64  6:52  Charge (Chrono Boost)  
  70  6:57  Probe x2, Pylon  
  70  7:00  Pylon  
  78  7:01  Colossus (Chrono Boost)  
  78  7:12  Gateway  
  78  7:15  Probe x2, Gateway  
  80  7:24  Shield Battery  
  80  7:25  Pylon x2  
  80  7:26  Gravitic Boosters (Chrono Boost)  
  80  7:32  Pylon  
  80  7:33  Observer  
  81  7:40  Templar Archives  
  81  7:41  Pylon  
  81  7:53  Observer  
  82  8:00  Probe x2  
  84  8:12  Nexus  
  84  8:14  Pylon  
  84  8:15  Pylon  
  84  8:16  Probe  
  84  8:17  Stalker x4  
  93  8:28  Blink (Chrono Boost)  
  93  8:29  Photon Cannon  
  93  8:30  Shield Battery  
  93  8:32  Pylon  
  93  8:34  Probe x2, Assimilator  
  94  8:58  Probe x2  
  96  9:08  Photon Cannon  
  96  9:10  Probe x2  
  96  9:11  Photon Cannon  
  96  9:13  Stargate  
  96  9:15  Shield Battery, Stargate  
  98  9:18  Pylon  
  98  9:19  Pylon  
  98  9:22  Probe  
  99  9:46  Nexus  
  99  9:48  Pylon  
  99  9:54  Stargate  
  99  9:56  Stargate  
  99  10:02  Fleet Beacon  
  99  10:10  Pylon  
  95  10:19  Pylon  
  83  10:22  Probe x2  
  83  10:24  Phoenix x2 (Chrono Boost)  
  83  10:27  Observer  
  90  10:30  Photon Cannon  
  90  10:31  Pylon  
  90  10:32  Shield Battery  
  90  10:33  Photon Cannon  
  90  10:36  Photon Cannon  
  90  10:39  Stalker x4  
  90  10:40  Phoenix x2 (Chrono Boost)  
  100  10:44  Assimilator  
  100  10:47  Pylon  
  100  10:50  Assimilator  
  100  10:52  Phoenix x2 (Chrono Boost)  
  104  11:05  Probe x3  
  104  11:07  Photon Cannon  
  104  11:08  Probe, Shield Battery  
  104  11:10  Phoenix (Chrono Boost)  
  108  11:12  Anion Pulse-Crystals (Chrono Boost)  
  108  11:17  Probe x3 (Chrono Boost)  
  115  11:18  Phoenix (Chrono Boost)  
  116  11:27  Probe (Chrono Boost)  
  116  11:29  Probe (Chrono Boost), Assimilator  
  119  11:35  Probe x2 (Chrono Boost)  
  119  11:38  Probe (Chrono Boost)  
  119  11:39  Probe (Chrono Boost)  
  121  11:42  Probe x2 (Chrono Boost), Void Ray x4  
  121  11:43  Probe  
  122  11:47  Probe  
  122  11:50  Zealot  
  122  11:53  Probe  
  142  12:00  Stalker x3  
  148  12:04  Probe x2  
  150  12:13  Pylon  
  142  12:22  Stalker  
  128  12:23  Stalker x3  
  134  12:30  Probe x2  
  134  12:34  Gateway  
  134  12:35  Gateway  
  136  12:37  Gateway  
  136  12:39  Gateway  
  136  12:41  Gateway  
  136  12:45  Forge  
  136  12:50  Forge  
  132  12:53  Pylon  
  118  13:00  High Templar x4  
  121  13:09  Archon x2  
  109  13:33  Stalker x2  
  109  13:34  Stalker x4  
  121  13:42  Stalker x3  
  121  13:43  Probe x2  
  121  13:44  Probe  
  115  13:59  Stalker x5  
  119  14:03  Protoss Ground Armor Level 1 (Chrono Boost)  
  119  14:08  Probe x4  
  113  14:13  Protoss Ground Weapons Level 1 (Chrono Boost), Protoss Shields Level 1 (Chrono Boost)  
  107  14:18  Stalker x3  
  107  14:19  Stalker  
  107  14:20  Probe x2  
  109  14:25  Photon Cannon  
  109  14:26  Photon Cannon, Nexus  
  109  14:28  Photon Cannon, Pylon  
  109  14:31  Photon Cannon  
  109  14:32  Pylon  
  109  14:33  High Templar x4  
  109  14:34  High Templar, Shield Battery  
  119  14:38  Psionic Storm  
  119  14:40  Assimilator  
  119  14:43  Archon  
  119  14:44  Archon, Assimilator  
  119  14:48  Pylon  
  119  14:53  Stalker x3  
  119  14:54  Stalker  
  119  14:55  Photon Cannon  
  119  14:58  Shield Battery  
  119  14:59  Shield Battery  
  127  15:02  Photon Cannon  
  121  15:19  High Templar  
  121  15:20  High Templar x4  
  121  15:21  Zealot x4  
  131  15:24  Archon x2  
  135  15:30  Tempest  
  140  15:37  Photon Cannon  
  140  15:39  Pylon  
  140  15:42  Pylon  
  140  15:43  Pylon  
  140  15:45  Photon Cannon  
  140  15:46  Photon Cannon  
  140  16:06  Stalker x4  
  140  16:07  Stalker x5  
  158  16:17  Nexus  
  156  16:31  Stalker x3  
  156  16:32  Stalker x6  
  168  16:48  Tempest x2  
  168  16:49  Tempest x2  
  180  16:57  Zealot  
  180  16:58  Zealot x8  
  188  17:22  Zealot  
  188  17:23  Zealot x5  
  198  17:47  Assimilator  
  198  17:48  Assimilator  
Tags
 
Add a new tag
Caveats
  • Supply blocks, unpowered buildings, or Contaminate may cause inaccurate times.
  • Supply counts are checked every 10 seconds.